 Dungeon Crawl Stone Soup version 0.29.1-2-gbd0b4ee654 (webtiles) character file.

Game seed: 370172681152551444

13 whiskeysaurus the Insei (level 2, 0/18 HPs)
             Began as an Octopode Transmuter on Nov 17, 2022.
             Slain by a bat (1 damage)
             ... on level 1 of the Dungeon.
             The game lasted 00:01:14 (38 turns).

whiskeysaurus the Insei (Octopode Transmuter)         Turns: 38, Time: 00:01:14

Health: 0/18       AC:  1    Str:  9    XL:     2   Next: 37%
Magic:  4/5        EV: 13    Int: 15    God:
Gold:   0          SH:  0    Dex: 12    Spells: 4/5 levels left

rFire   . . .      SeeInvis .     - Unarmed
rCold   . . .      Faith    .   (no shield)
rNeg    . . .      Spirit   .   (helmet currently unavailable)
rPois   .          Reflect  .   (no amulet)
rElec   .          Harm     .   (no ring)
rCorr   .          Rampage  .   (no ring)
Will    .....                   (no ring)
Stlth   ++........              (no ring)
HPRegen 0.06/turn               (no ring)
MPRegen 0.09/turn               (no ring)
                                (no ring)
                                (no ring)

@: appendages (expiring)
A: tentacle spike 3, almost no armour, amphibious, 8 rings, camouflage 1,
gelatinous body 1, (nimble swimmer 1), tentacles
a: End Transformation


You were on level 1 of the Dungeon.
One of your tentacles had grown a beastly spike.
You visited 1 branch of the dungeon, and saw 1 of its levels.

Inventory:

Potions
 a - a potion of lignification


   Skills:
 + Level 1.3 Fighting
 + Level 2.2 Dodging
 + Level 3.1 Unarmed Combat
 + Level 2.1 Spellcasting
 + Level 2.2 Transmutations


You had 4 spell levels left.
You knew the following spells:

 Your Spells              Type           Power      Damage    Failure   Level
a - Beastly Appendage     Tmut           16%        N/A       9%          1

Your spell library contained the following spells:

 Spells                   Type           Power      Damage    Failure   Level
 Wereblood                Tmut           8%         N/A       13%         2
 Spider Form              Tmut/Pois      4%         N/A       38%         3
 Ice Form                 Ice/Tmut       4%         N/A       80%         4


Dungeon Overview and Level Annotations

Branches:
Dungeon (1/15)

Altars:


Innate Abilities, Weirdness & Mutations

One of your tentacles has grown a beastly spike.
You cannot wear most types of armour.
You are amphibious.
You can wear up to eight rings at the same time.
Your skin changes colour to match your surroundings (Stealth+).
Your rubbery body absorbs attacks. (AC +1, EV +1)
((You are camouflaged when in or above water. (Stealth+)))
You have tentacles for arms and can constrict up to eight enemies at once.


Message History

The gnoll is heavily wounded.
You constrict the gnoll, but do no damage.
The bat barely misses you. The gnoll hits you with a +0 spear!
Ouch! That really hurt!
* * * LOW HITPOINT WARNING * * *
The rat barely misses you.
You tentacle-slap the gnoll.
You pierce the gnoll.
The gnoll is severely wounded.
You constrict the gnoll.
A bat comes into view.
The bat closely misses you. The rat barely misses you.
The gnoll closely misses you.
You tentacle-slap the gnoll.
You kill the gnoll!
The bat hits you but does no damage.
A ball python comes into view.
The rat barely misses you.
The ball python moves out of view.
You have reached level 2!
You barely miss the hobgoblin. Your grab misses the hobgoblin.
Your squeeze misses the hobgoblin. The bat misses you.
The hobgoblin barely misses you. The rat barely misses you.
You tentacle-slap the hobgoblin. Your grab misses the hobgoblin.
You pierce the hobgoblin.
You squeeze the hobgoblin.
You kill the hobgoblin!
The bat closely misses you. The rat closely misses you. The bat misses you.
You barely miss the bat. You grab the bat. Your squeeze misses the bat.
You constrict the bat. The bat hits you but does no damage. The bat hits you.
* * * LOW HITPOINT WARNING * * *
The bat struggles to escape constriction.
The rat closely misses you.
You closely miss the rat. You grab the rat.
You pierce the rat.
You kill the rat!
You constrict the bat. The bat misses you. The bat hits you.
* * * LOW HITPOINT WARNING * * *
The bat escapes!
You barely miss the bat. Your grab misses the bat.
You pierce the bat, but do no damage.
Your squeeze misses the bat.
The bat is severely wounded.
The bat barely misses you. The bat hits you.
You die...

#...?..[...#
#..........
#......... #........
....... ## ....
#...##)#####
#....b@....#
#.....b....)#######.#
#.#.#.#.###..........
.....#.# ###.######
#.... .?# #...#
#.#..#..#
#.#.#.###### # #!
#..# #.#.#....<.. #.
#..# #.#.########
#.#.........


You could see 2 bats.

Vanquished Creatures
  A gnoll (D:1)
  A goblin (D:1)
  A hobgoblin (D:1)
  A rat (D:1)
4 creatures vanquished.

Notes
Turn   | Place    | Note
-------+----------+-------------------------------------------
     0 | D:1      | whiskeysaurus the Octopode Transmuter began the quest for
                  | the Orb.
     0 | D:1      | Reached XP level 1. HP: 13/13 MP: 3/3
    34 | D:1      | Reached XP level 2. HP: 3/18 MP: 3/5
    38 | D:1      | Slain by a bat

Illustrated notes

Levels and vault maps discovered:
D:1:      matt_arrival_spirals, layout_loops_ring,
          hellmonk_ecumenical_altar_run_dry, serial_forest,
          infiniplex_forest_clump_curved, infiniplex_forest_clump_tiny,
          infiniplex_forest_end_2, infiniplex_forest_corner_1,
          infiniplex_forest_clump_large, infiniplex_forest_3_way,
          infiniplex_forest_3_way, infiniplex_forest_clump_tiny,
          minmay_misc_feat_square, minmay_misc_feat_rows, minmay_tromino_i2

Action                   || total
-------------------------++-------
Melee: Unarmed           ||    13
       Kick              ||     6
       Constrict         ||     4
       Tentacles         ||     2
 Cast: Beastly Appendage ||     1
Armor: Skin              ||     3
Dodge: Dodged            ||    25
